Description

The classic defensive style vs the common 1-1-1 opener lots of terrans like to do. This build provides a strong defense as well as access to lots of options during the mid game.

Replay - ZvT Opener vs 1-1-1

Build Order

Get SALT Encoding   

  13  0:13  Overlord  
  17  0:52  Hatchery  
  18  1:10  Extractor  
  17  1:16  Spawning Pool  
  19  1:39  Overlord  
  20  2:02  Queen x2  
  20  2:05  Zergling x6  
  26  2:12  Metabolic Boost  Metabolic Boost (Take off gas)
  31  2:44  Hatchery  
  30  2:47  Overlord  
  32  3:00  Queen  
  37  3:16  Overlord  
  42  3:37  Queen x2  
  42  3:40  Overlord  
  51  3:56  Queen  
  58  4:00  Zergling x10  
  58  4:10  Baneling Nest  
  62  4:30  Spore Crawler x3  
  74  5:00  Lair, Evolution Chamber x2  
Spawning Tool Build Advisor. Get it on Overwolf

Go to:

Details

  • Created by: SizzlingMelon
  • Published on: May 12, 2020
  • Modified on: May 12, 2020
  • Patch: 4.11.0
Show
View Real Time Build Order
Export as new Build Order

Comments (1)

On June 24, 2020, 1:33 p.m., Yagami913  said:

wrong matchup

Create an account to comment!